 Dungeon Crawl Stone Soup version 0.25-a0-737-g26c3a87c45 (webtiles) character file.

Game seed: 1657335572547566635, levelgen mode: deterministic

23 Esekla the Grasshopper (level 2, 0/23 HPs)
             Began as a Barachi Warper on Apr 12, 2020.
             Succumbed to a goblin's poison
             ... on level 1 of the Dungeon.
             The game lasted 00:08:01 (933 turns).

Esekla the Grasshopper (Barachi Warper)              Turns: 933, Time: 00:08:02

Health: 0/23       AC:  3    Str: 12    XL:     2   Next: 95%
Magic:  4/5        EV: 12    Int: 13    God:
Gold:   43         SH:  0    Dex: 11    Spells: 3/5 levels left

rFire    . . .     SeeInvis .   a - +0 falchion
rCold    . . .     Gourm    .   (no shield)
rNeg     . . .     Faith    .   b - +0 leather armour
rPois    .         Spirit   +   (no helmet)
rElec    .         Reflect  .   (no cloak)
rCorr    .         Harm     .   (no gloves)
MR       .....                  (no boots)
Stlth    +.........             g - amulet of guardian spirit
HPRegen  0.07/turn              (no ring)
MPRegen  0.09/turn              (no ring)

@: brilliant, lethally poisoned (0 -> -19), slow
A: +LOS, swims, slowness 1, strong legs 1
a: Hop


You were on level 1 of the Dungeon.
You were hungry.

You visited 1 branch of the dungeon, and saw 1 of its levels.

You collected 43 gold pieces.

Inventory:

Hand Weapons
 a - a +0 falchion (weapon)
Missiles
 e - 5 boomerangs of dispersal (quivered)
Armour
 b - a +0 leather armour (worn)
Jewellery
 g - an amulet of guardian spirit (around neck)
Scrolls
 c - a scroll of noise {unknown}
 d - a scroll of blinking
 i - a scroll of random uselessness {unknown}
Comestibles
 f - a ration


   Skills:
 + Level 2.8 Fighting
 * Level 3.2 Long Blades
 + Level 1.1 Throwing
 + Level 1.4 Armour
 + Level 2.3 Dodging
 * Level 2.2 Spellcasting
 * Level 0.4 Charms
 + Level 3.3 Translocations


You had 3 spell levels left.
You knew the following spells:

 Your Spells              Type           Power        Failure   Level  Hunger
a - Shroud of Golubria    Chrm/Tloc      #.....       22%         2    None

Your spell library contained the following spells:

 Spells                   Type           Power        Failure   Level  Hunger
 Blink                    Tloc           N/A          12%         2    None
 Gell's Gravitas          Tloc           ###.......   24%         3    None
 Lesser Beckoning         Tloc           ###.......   24%         3    None
 Teleport Other           Tloc           ###.....     24%         3    None
 Passage of Golubria      Tloc           N/A          61%         4    None


Dungeon Overview and Level Annotations

Branches:
Dungeon (1/15)

Altars:
Okawaru


Innate Abilities, Weirdness & Mutations

You can be seen from farther away. (+LOS)
You can swim through water.
You cover ground slowly.
You can hop short distances.


Message History

The goblin hits you but does no damage.
You closely miss the goblin.
* * * LOW HITPOINT WARNING * * *
You feel sick. The goblin hits you but does no damage.
A goblin comes into view.
You barely miss the goblin.
* * * LOW HITPOINT WARNING * * *
You feel sick.
The goblin shouts!
The goblin misses you.
You riposte.
You hit the goblin.
You kill the goblin!
Okay, then.
It was a potion of brilliance.
You feel clever all of a sudden.
* * * LOW HITPOINT WARNING * * *
You feel sick.
* * * LOW HITPOINT WARNING * * *
You feel sick.
You closely miss the goblin.
You die...

♣♣
#..######.#
♣ #.(# #
#..##### ♣
##.#...# ♣♣
#.....# .♣♣
#.....#
♣.♣♣
#((...#
♣♣.♣♣♣♣
##+#...#
♣♣.♣.♣♣
#..@.)(#
♣♣.8.♣
#.g....#
♣♣.♣.♣♣
#......#
♣♣.♣♣♣♣
#...#'##
♣.♣♣
'...#.. .♣♣
##...##'#
♣♣ ..... ..
♣ ......
... ♣♣
###... .#.


You could see a goblin.

Vanquished Creatures
  2 giant cockroaches (D:1)
  3 goblins (D:1)
  3 hobgoblins (D:1)
  5 jackals (D:1)
  3 kobolds (D:1)
  A bat (D:1)
  A rat (D:1)
18 creatures vanquished.

Notes
Turn   | Place    | Note
-------+----------+-------------------------------------------
     0 | D:1      | Esekla the Barachi Warper began the quest for the Orb.
     0 | D:1      | Reached XP level 1. HP: 17/17 MP: 3/3
   119 | D:1      | Reached XP level 2. HP: 1/23 MP: 5/5
   217 | D:1      | Learned a level 2 spell: Shroud of Golubria
   224 | D:1      | HP: 1/23 [jackal (3)]
   238 | D:1      | HP: 1/23 [kobold (1)]
   770 | D:1      | Found an iron altar of Okawaru.
   933 | D:1      | Succumbed to a goblin's poison

Levels and vault maps discovered:
D:1:      nagdon_arrival_zigzag_paths, layout_basic, okawaru_ov_weapons_minmay

Skill      XL: |  1  2 |
---------------+-------+-----
Long Blades    | 3 |  3.2
Fighting       | |  2.8
Throwing       | |  1.1
Armour         | |  1.4
Dodging        | |  2.3
Spellcasting   | |  2.2
Charms         | |  0.4
Translocations | |  3.3

Action                   || total
-------------------------++-------
Melee: Falchion          ||    78
Throw: Dart              ||     3
 Cast: Shroud of Golubri ||     2
  Use: Potion            ||     1
Armor: Leather armour    ||    24
Dodge: Dodged            ||    69
       Rpst.: Falchion   ||    21

Table legend:
 A = Non-vault XP
 B = Vault XP
 C = Vault XP percentage of total XP
 D = Non-vault monster count
 E = Vault monster count
 F = Vault count percentage of total count
                 A         B        C        D         E       F
            +---------+---------+-------+---------+---------+-------
      Total |      33 |       0 |   0.0 |      18 |       0 |   0.0
            +---------+---------+-------+---------+---------+-------
        D:1 |      33 |       0 |   0.0 |      18 |       0 |   0.0
            +---------+---------+-------+---------+---------+-------
